 Dungeon Crawl Stone Soup version 0.31-a0-210-gccc998df9b (webtiles) character file.

Game seed: 4969251102196990809

425 pokeman the Magician (level 6, -17/34 HPs)
             Began as a Deep Elf Hedge Wizard on June 29, 2023.
             Demolished by an ogre
             ... wielding a +0 giant club
              (27 damage)
             ... on level 4 of the Dungeon.
             The game lasted 00:06:29 (3993 turns).

pokeman the Magician (Deep Elf Hedge Wizard)        Turns: 3993, Time: 00:06:29

Health: -17/34     AC:  3    Str:  7    XL:     6   Next: 64%
Magic:  6/18       EV: 13    Int: 21    God:
Gold:   121        SH:  0    Dex: 14    Spells: 11/19 levels left

rFire   . . .        s - +2 whip (venom)
rCold   . . .        (no shield)
rNeg    . . .        b - +0 robe
rPois   .            w - +0 helmet
rElec   .            (no cloak)
rCorr   .            (no gloves)
SInv    .            (no boots)
Will    .....        (no amulet)
Stlth   ++           (no ring)
HPRegen 0.25/turn    (no ring)
MPRegen 0.16/turn

%: no passive effects
@: on blink cooldown
A: no striking features
a: no special abilities


You were on level 4 of the Dungeon.
You visited 1 branch of the dungeon, and saw 4 of its levels.

You collected 121 gold pieces.

Inventory:

Hand Weapons
 r - a +0 arbalest
 s - a +2 whip of venom (weapon)
 u - a +2 short sword of electrocution
Armour
 b - a +0 robe (worn)
 w - a +0 helmet (worn)
Wands
 o - a wand of light (14)
 v - a wand of roots (8)
Scrolls
 c - a scroll of enchant weapon {unknown}
 i - a scroll of fog {unknown}
 j - 2 scrolls of identify {unknown}
 k - a scroll of torment {unknown}
 m - 2 scrolls of teleportation {unknown}
 p - a scroll of amnesia {unknown}
 t - a scroll of revelation {unknown}
 x - a scroll of noise {unknown}
Potions
 a - 3 potions of ambrosia {unknown}
 d - a potion of magic
 e - 3 potions of heal wounds {unknown}
 f - 2 potions of curing {unknown}
 g - 3 potions of lignification {unknown}
 h - a potion of haste {unknown}
 l - 2 potions of enlightenment {unknown}
 n - 2 potions of brilliance {unknown}
 q - a potion of resistance {unknown}


   Skills:
 + Level 1.5 Fighting
 - Level 1.0 Armour
 - Level 3.0 Dodging
 - Level 3.0 Stealth
 * Level 7.1 Spellcasting
 + Level 3.2 Conjurations
 + Level 1.1 Summonings
 - Level 1.1 Translocations
 - Level 1.0 Air Magic
 - Level 1.1 Poison Magic
 - Level 2.1 Evocations


You had 11 spell levels left.
You knew the following spells:

 Your Spells              Type           Power      Damage    Failure   Level
a - Magic Dart            Conj           84%        1d7       2%          1
b - Mephitic Cloud        Conj/Pois/Air  15%        N/A       12%         3
c - Call Imp              Summ           24%        N/A       9%          2
d - Blink                 Tloc           24%        N/A       9%          2

Your spell library contained the following spells:

 Spells                   Type           Power      Damage    Failure   Level
 Slow                     Hex            28%        N/A       9%          1
 Cigotuvi's Dreadful Rot  Necr/Pois/Air  20%        N/A       10%         2


Dungeon Overview and Level Annotations

Branches:
Dungeon (4/15)
 Temple: D:4-7

Altars:
Gozag


Message History

The ogre is heavily wounded.
Casting: Magic Dart (safe; 2% risk of failure)
Confirm with . or Enter, or press ? or * to list all spells.
Aiming: Magic Dart (safe; 2% risk of failure)
Press: ? - help, Shift-Dir - straight line, f/p - ogre
Aim: an ogre, wielding a +0 giant club (heavily wounded, 100% to hit)
The magic dart hits the ogre.
The ogre is heavily wounded.
Casting: Magic Dart (safe; 2% risk of failure)
Confirm with . or Enter, or press ? or * to list all spells.
Aiming: Magic Dart (safe; 2% risk of failure)
Press: ? - help, Shift-Dir - straight line, f/p - ogre
Aim: an ogre, wielding a +0 giant club (heavily wounded, 100% to hit)
The magic dart hits the ogre.
The ogre is severely wounded.
The ogre hits you with a +0 giant club!!
Ouch! That really hurt!
* * * LOW HITPOINT WARNING * * *
Casting: Magic Dart (safe; 2% risk of failure)
Confirm with . or Enter, or press ? or * to list all spells.
Aiming: Magic Dart (safe; 2% risk of failure)
Press: ? - help, Shift-Dir - straight line, f/p - ogre
Aim: an ogre, wielding a +0 giant club (severely wounded, 100% to hit)
The magic dart hits the ogre.
The ogre is severely wounded.
Unknown command.
Casting: Magic Dart (safe; 2% risk of failure)
Confirm with . or Enter, or press ? or * to list all spells.
You blink.
Found a book of Minor Magic.
Unknown command.
Casting: Blink (safe; 9% risk of failure)
Confirm with . or Enter, or press ? or * to list all spells.
Aiming: Magic Dart (safe; 2% risk of failure)
Press: ? - help, Shift-Dir - straight line, f/p - ogre
Aim: an ogre, wielding a +0 giant club (severely wounded, 100% to hit)
The magic dart hits the ogre.
The ogre is almost dead.
The ogre hits you with a +0 giant club!!
Ouch! That really hurt!
You die...

#........ #........ #........
#........ #........ #........
#........ #@.......
...:...O.###### ########.#
##### .......#ยง# ....#
.......#.#
....#####.......#.###########.
........+.............>.......
......###.......#.####.#######
....#...........#.# #.#


You could see an ogre.

Vanquished Creatures
  A sky beast (D:4)
  A phantom (D:4)
  A hound (D:4)
  An orc priest (D:3)
  2 orc wizards (D:3)
  5 adders
  A worm (D:3)
  2 dart slugs
  12 orcs (D:3)
  10 endoplasms
  2 giant cockroaches (D:1)
  4 goblins (D:1)
  4 hobgoblins
  2 jackals (D:1)
  3 quokkas
  13 ball pythons
  3 bats
  4 frilled lizards
  10 kobolds
  7 rats
88 creatures vanquished.

Notes
Turn   | Place    | Note
-------+----------+-------------------------------------------
     0 | D:1      | pokeman the Deep Elf Hedge Wizard began the quest for the
                  | Orb.
     0 | D:1      | Reached XP level 1. HP: 10/10 MP: 7/7
   288 | D:1      | Reached XP level 2. HP: 16/16 MP: 2/9
   933 | D:1      | Reached skill level 5 in Spellcasting
  1059 | D:1      | Reached XP level 3. HP: 20/20 MP: 4/11
  1063 | D:1      | Learned a level 3 spell: Mephitic Cloud
  1066 | D:1      | Learned a level 2 spell: Call Imp
  1069 | D:1      | Learned a level 2 spell: Blink
  1396 | D:2      | Reached skill level 1 in Armour
  1632 | D:2      | Reached skill level 1 in Fighting
  2387 | D:3      | Reached XP level 4. HP: 22/25 MP: 10/13
  2583 | D:3      | Found a faded altar of an unknown god.
  2636 | D:3      | Reached skill level 6 in Spellcasting
  2636 | D:3      | Reached XP level 5. HP: 25/29 MP: 7/15
  2983 | D:3      | Reached skill level 1 in Evocations
  3558 | D:4      | Found an opulent altar of Gozag.
  3637 | D:4      | Noticed a sky beast
  3652 | D:4      | Reached skill level 1 in Air Magic
  3652 | D:4      | Reached skill level 1 in Poison Magic
  3653 | D:4      | Killed a sky beast
  3654 | D:4      | Reached XP level 6. HP: 26/34 MP: 8/17
  3836 | D:4      | Reached skill level 7 in Spellcasting
  3993 | D:4      | Demolished by an ogre

Illustrated notes

Levels and vault maps discovered:
D:1:      psy_arrival_statuary, layout_loops_ring
D:2:      kb_forest_paths, layout_rooms, serial_forest,
          infiniplex_forest_zigzag_1, infiniplex_forest_clump_small,
          infiniplex_forest_clump_small, infiniplex_forest_clump_long,
          infiniplex_forest_3_way, infiniplex_forest_join
D:3:      layout_rooms, basic_ecumenical_altar, hangedman_decor_clover_reticule,
          kennysheep_another_room, minmay_fractal_squares_gapless_5
D:4:      layout_basic, grunt_gozag_statues, uniq_natasha

Skill      XL: |  1  2  3  4  5  6 |
---------------+-------------------+-----
Spellcasting   | 5 6 7 |  7.1
Armour         | 1 |  1.0
Fighting       | 1 |  1.5
Conjurations   | 2 3 |  3.2
Dodging        | 3 |  3.0
Stealth        | 3 |  3.0
Evocations     | 1 2 |  2.1
Air Magic      | 1 |  1.0
Poison Magic   | 1 |  1.1
Summonings     | |  1.1
Translocations | |  1.1

Action                     |  1- 3 |  4- 6 || total
---------------------------+-------+-------++-------
  Melee: Dagger            |    16 |       ||    16
         Whip              |       |    26 ||    26
         Punch             |       |     1 ||     1
   Fire: Arbalest          |     6 |    18 ||    24
   Cast: Magic Dart        |   121 |    93 ||   214
         Mephitic Cloud    |       |     6 ||     6
         Blink             |       |     1 ||     1
   Stab: Confused          |       |     3 ||     3
 Armour: Robe              |     4 |     6 ||    10
  Dodge: Dodged            |    19 |    35 ||    54

Table legend: (Time is in decaauts)
 A = Elapsed time spent in this place.
 B = Non-inter-level travel time spent in this place.
 C = Inter-level travel time spent in this place.
 D = Time resting spent in this place.
 E = Time spent auto-exploring this place.
 F = Levels seen in this place.
 G = Mean time per level.
                   A        B        C        D        E       F      G
               +--------+--------+--------+--------+--------+-----+--------+
         Total |   4015 |   3984 |     31 |    127 |   3300 |   4 | 1003.8 |
       Dungeon |   4015 |   3984 |     31 |    127 |   3300 |   4 | 1003.8 |
               +--------+--------+--------+--------+--------+-----+--------+

Top non-repeatable levels by time:
     D:1: 1388 daAuts
     D:3: 1092 daAuts
     D:2: 991 daAuts
     D:4: 543 daAuts
